 Dungeon Crawl Stone Soup version 0.25-a0-975-gcae8493d64 (webtiles) character file.

Game seed: 2387172924350177671, levelgen mode: classic

282 Amnesiac the Chiller (level 6, -2/32 HPs)
             Began as a Deep Elf Ice Elementalist on May 9, 2020.
             Was an Initiate of Vehumet.
             Slain by a gnoll
             ... wielding a +0 spear
              (5 damage)
             ... on level 5 of the Dungeon.
             The game lasted 00:04:20 (1120 turns).

Amnesiac the Chiller (Deep Elf Ice Elementalist)    Turns: 1120, Time: 00:04:21

Health: -2/32      AC:  2    Str:  5    XL:     6   Next: 6%
Magic:  0/16       EV: 13    Int: 22    God:    Vehumet [......]
Gold:   60         SH:  0    Dex: 15    Spells: 8/15 levels left

rFire    . . .     SeeInvis .   (no weapon)
rCold    . . .     Gourm    .   (no shield)
rNeg     . . .     Faith    .   a - +0 robe
rPois    .         Spirit   +   (no helmet)
rElec    .         Reflect  .   (no cloak)
rCorr    .         Harm     .   (no gloves)
MR       .....                  (no boots)
Stlth    ++........             f - amulet of guardian spirit
HPRegen  0.10/turn              (no ring)
MPRegen  0.15/turn              (no ring)

@: no status effects
A: no striking features
a: Renounce Religion


You were on level 5 of the Dungeon.
You worshipped Vehumet.
Vehumet was noncommittal.
You were hungry.

You visited 2 branches of the dungeon, and saw 9 of its levels.

You collected 60 gold pieces.

Inventory:

Armour
 a - a +0 robe (worn)
Jewellery
 f - an amulet of guardian spirit (around neck)
Scrolls
 e - 2 scrolls of remove curse {!r, unknown}
 h - a scroll of identify {!r, unknown}
Potions
 b - a potion of resistance {!q}
Comestibles
 c - 2 rations


   Skills:
 - Level 2.4 Dodging
 - Level 3.0 Stealth
 + Level 5.3 Spellcasting
 * Level 7.0 Ice Magic


You had 8 spell levels left.
You knew the following spells:

 Your Spells              Type           Power        Failure   Level  Hunger
a - Freeze                Ice            ####         1%          1    None
b - Frozen Ramparts       Ice            #####.       1%          3    ##.....
z - Ozocubu's Armour      Chrm/Ice       ###.....     7%          3    ##.....

Your spell library contained the following spells:

 Spells                   Type           Power        Failure   Level  Hunger
 Hailstorm                Conj/Ice       ###.....     22%         4    ####...
 Summon Ice Beast         Ice/Summ       ###.....     22%         4    ####...
 Confusing Touch          Hex            #.......     28%         3    ##.....
 Gell's Gravitas          Tloc           #.........   28%         3    ##.....
 Metabolic Englaciation   Hex/Ice        ###.......   54%         5    #####..
 Petrify                  Tmut/Erth      #.......     67%         4    ####...
 Yara's Violent Unravell  Hex/Tmut       #.........   95%         5    #####..


Dungeon Overview and Level Annotations

Branches:
Dungeon (8/15)             Temple (1/1) D:6
   Lair: D:8-11

Altars:
Elyvilon
Gozag
Okawaru
Qazlal
Ru
Sif Muna
Vehumet
Xom
Yredelemnul
The Shining One

Shops:
D:7 }

Annotations:
D:4 exclusions: ogre and skeleton


Message History

The bullfrog zombie completely resists.
The wall freezes the bullfrog zombie but do no damage.
The wall freezes the adder.
The adder closely misses you.
The gnoll hits you from afar with a +0 spear.
* * * LOW HITPOINT WARNING * * *
The bullfrog zombie completely resists.
The wall freezes the bullfrog zombie but do no damage.
The shadow imp hits you but does no damage.
Really quaff
b - 2 fizzy orange potions {!q}?
It was a potion of resistance {!q}.
You feel protected.
The wall freezes the adder.
The adder seems to slow down.
The adder bites you.
* * * LOW HITPOINT WARNING * * *
The bullfrog zombie resists.
The wall freezes the bullfrog zombie.
The bullfrog zombie hits you.
* * * LOW HITPOINT WARNING * * *
The gnoll closely misses you.
The wall freezes the gnoll!
The gnoll barely misses you.
The wall freezes the adder!
You kill the adder!
Vehumet accepts your kill.
You have reached level 6!
Your experience leads to an increase in your attributes!
Increase (s)trength, (i)ntelligence, or (d)exterity?
You feel clever. The shadow imp barely misses you.
The wall freezes the orc.
Really quaff
d - a coppery potion {!q}?
It was a potion of stabbing {!q}.
You feel ready to backstab.
The bullfrog zombie completely resists.
The wall freezes the bullfrog zombie but do no damage.
The bullfrog zombie hits you.
* * * LOW HITPOINT WARNING * * *
The gnoll hits you from afar with a +0 spear.
* * * LOW HITPOINT WARNING * * *
The wall freezes the gnoll!
You kill the gnoll!
Vehumet accepts your kill. The shadow imp gestures at you.
You struggle to resist.
The wall freezes the orc.
Unknown command.
Really quaff
g - a bubbling inky potion {!q}?
It was a potion of curing {!q}.
You feel better.
The bullfrog zombie completely resists.
The wall freezes the bullfrog zombie but do no damage.
The bullfrog zombie hits you!
* * * LOW HITPOINT WARNING * * *
The gnoll hits you but does no damage.
The bullfrog zombie completely resists.
The wall freezes the bullfrog zombie but do no damage.
The bullfrog zombie misses you.
The shadow imp hits you but does no damage.
A gnoll comes into view. It is wielding a +0 flail.
The wall freezes the orc!
You kill the orc!
Vehumet accepts your kill.
Your Ice Magic skill increases to level 7!
Really quaff
i - a viscous ruby potion {!q}?
It was a potion of cancellation {!q}.
Your magical effects are unravelling.
You feel magically purged.
The frozen ramparts melt away.
Your resistance to elements expires.
You feel less ready to backstab. The gnoll shaman barely misses you.
The bullfrog zombie hits you.
* * * LOW HITPOINT WARNING * * *
The gnoll hits you from afar with a +0 spear.
You die...

## ## ##
##############
##@Z)..##.....##
##†g5...........###
#...g...............
#................# #
#................. .
#.........>....... .
.g.................
.
...................
#
.................##


You could see a gnoll shaman, 2 gnolls, a shadow imp and a bullfrog zombie.

Vanquished Creatures
  A sky beast (D:6)
  An eye of draining (D:6)
  A howler monkey (D:5)
  A crimson imp (D:6)
  A gnoll (D:5)
  An adder (D:5)
  2 leopard geckos
  An orc (D:5)
  3 giant cockroaches
  A hobgoblin (D:1)
  2 kobolds
  3 bats
  A frilled lizard (D:1)
19 creatures vanquished.

Notes
Turn   | Place    | Note
-------+----------+-------------------------------------------
     0 | D:1      | Amnesiac the Deep Elf Ice Elementalist began the quest for
                  | the Orb.
     0 | D:1      | Reached XP level 1. HP: 10/10 MP: 6/6
   149 | D:1      | Reached XP level 2. HP: 14/15 MP: 4/8
   247 | D:4      | Noticed an ogre
   269 | D:5      | Entered Level 5 of the Dungeon
   269 | D:5      | Found a shimmering blue altar of Sif Muna.
   273 | D:5      | Found a sacrificial altar of Ru.
   341 | D:4      | Noticed a phantom
   648 | D:6      | Noticed a sky beast
   649 | D:6      | Noticed an eye of draining
   711 | D:6      | Killed an eye of draining
   711 | D:6      | Reached skill level 5 in Ice Magic
   711 | D:6      | Reached XP level 3. HP: 19/19 MP: 0/10
   711 | D:6      | Reached XP level 4. HP: 24/24 MP: 0/12
   716 | D:6      | Learned a level 3 spell: Frozen Ramparts
   720 | D:6      | Learned a level 3 spell: Ozocubu's Armour
   831 | D:6      | Killed a sky beast
   831 | D:6      | Reached skill level 6 in Ice Magic
   831 | D:6      | Reached XP level 5. HP: 28/28 MP: 9/14
  1042 | D:6      | Reached skill level 5 in Spellcasting
  1049 | D:7      | Found Joidy's Gadget Shop.
  1073 | D:6      | Found a staircase to the Ecumenical Temple.
  1082 | Temple   | Entered the Ecumenical Temple
  1088 | Temple   | Became a worshipper of Vehumet
  1117 | D:5      | Reached XP level 6. HP: 10/32 MP: 3/15
  1119 | D:5      | Reached skill level 7 in Ice Magic
  1120 | D:5      | Slain by a gnoll

Illustrated notes

Levels and vault maps discovered:
D:1:      elethiomel_arrival_infinity_welcomes_careful_drivers,
          layout_loops_ring
D:2:      layout_rooms, first_ration
D:3:      layout_loops_ring, gammafunk_ghost_mausoleum
D:4:      cheibrodos_helix_gallery, layout_basic, grunt_temple_overflow_open
D:5:      layout_rooms, nicolae_overflow_crystal_walls, slow_altar_1,
          overflow_temple_1_default
D:6:      layout_basic, nemelex_altar_shiori, minmay_temple_entry_large_hall,
          minmay_microvault, uniq_menkaure
D:7:      kennysheep_six_static_rooms, layout_rooms, serial_shops,
          nicolae_shop_window_shopping, grunt_livestock
D:8:      layout_gridville, nicolae_overflow_hidden_temple
Temple:   eino_narrow_crystal_temple

Skill      XL: |  1  2  3  4  5  6 |
---------------+-------------------+-----
Stealth        | 3 |  3.0
Spellcasting   | 4 5 |  5.3
Ice Magic      | 5 6 7 |  7.0
Dodging        | |  2.4

Action                   |  1- 3 |  4- 6 || total
-------------------------+-------+-------++-------
Melee: Unarmed           |    25 |       ||    25
 Cast: Freeze            |    27 |     4 ||    31
       Frozen Ramparts   |       |     2 ||     2
  Use: Potion            |       |     4 ||     4
Armor: Robe              |     2 |     4 ||     6
Dodge: Dodged            |    12 |    14 ||    26

Table legend:
 A = Non-vault XP
 B = Vault XP
 C = Vault XP percentage of total XP
 D = Non-vault monster count
 E = Vault monster count
 F = Vault count percentage of total count
                 A         B        C        D         E       F
            +---------+---------+-------+---------+---------+-------
      Total |     285 |     118 |  29.3 |      18 |       1 |   5.3
            +---------+---------+-------+---------+---------+-------
        D:1 |      10 |       0 |   0.0 |       5 |       0 |   0.0
        D:2 |       3 |       0 |   0.0 |       2 |       0 |   0.0
        D:3 |       7 |       0 |   0.0 |       4 |       0 |   0.0
        D:5 |      84 |       0 |   0.0 |       4 |       0 |   0.0
        D:6 |     181 |     118 |  39.5 |       3 |       1 |  25.0
            +---------+---------+-------+---------+---------+-------
